Arrhythmia, chaotic female vampiric Wizard -------- --- |..--..-- ---- ---.-- |.......---..-- --..).--. ------ ---.............---- ------ |......... ---- |....| |..................-- ---.--.-- |-........| --- |(.--- --...-- |...............q@..| --.....[.--- |.....%...- --.---....| --....-----.....---........-- |......)...-- |-.....%....|.........| |........--.....| |.......-- --......<...---................--.^------....>.......---- |.......| --.......%..(.......................................| |.....--- |....|..%%.))...............------------........... --....| --.--|.%.|...*..--...........| |........... |..--.--- -----.---.....-----.........| --.......... ----|...| ---...||..^---- |....--...| ------.....| ----.--- --...---|...| ---.----.-- ---.|...| ----......| --....-- --.-- --- --- |...|-..--- |...-.....------ |......| --- ----.-----...- |......(...--..| |.....-- |....| |.... --.............| ---.--- |..--- |..- ------------.-- --- ---- --- --- Arrhythmia the Thaumaturge Experience level: 9 Strength: 11 Dexterity: 17 Constitution: 14 Intelligence: 15 Wisdom: 12 Charisma: 9 Health: 0(67) Energy: 121(121) AC: 0 Gold: 88 Moves: 4417 Your Inventory: Coins $ - 88 gold pieces Armor b - an uncursed +0 cloak of magic resistance (being worn) p - an [uncursed] +0 splint mail (being worn) t - an [uncursed] +0 pair of leather gloves (being worn) u - a [blessed] thoroughly rusty +2 pair of boots [of drain resistance] called Kick [kicking] (being worn) Comestibles D - an [uncursed] Hyper Futa Mare Dick named Sun's Spear M - an [uncursed] lizard corpse Potions L - a [cursed] ochre potion [of full healing] N - an [uncursed] golden potion [of fruit juice] Rings d - an uncursed ring of slow digestion (on right hand) e - an uncursed ring of stealth Tools G - an [uncursed] magic whistle K - an [uncursed magic] lamp called Mejic (lit) Spells known in the end: Name Level Category Fail Memory a - force bolt 1 attack 66% [|||||||.] b - clairvoyance 3 divination 100% [|||||||.] Your skills at the end: Fighting Skills Weapon Skills quarterstaff [Basic / Expert] Spellcasting Skills attack spells [Basic / Expert] enchantment spells [Basic / Skilled] Final Attributes: You were piously aligned. Hunger level was 1023. Your alignment was 31 / 32. Monster difficulty range was 1 - 8. Level difficulty was 8. You were immune to level-drain. You were magic-protected. You could fly. You could survive without air. You had slower digestion. You regenerated. Your luck was zero. Anhur was angry with you (1). You are dead. Vanquished creatures: 10 black puddings a small mimic a large dog a shocking sphere a crocodile a giant spider a rust monster a lizard a dwarf lord a plains centaur a gnome mummy a pony a fog cloud 5 gnome lords 3 gnomish wizards a giant ant 7 dwarves a homunculus 3 hill orcs a giant bat an acid blob 2 hobbits 3 hobgoblins 2 giant rats 2 yellow molds a red mold 39 gnomes 4 garter snakes 4 geckos 2 jackals a kobold a goblin 2 sewer rats 6 grid bugs a bat 4 lichens a kobold zombie 4 newts 123 creatures vanquished. Voluntary challenges: You pretended to be a pacifist. You were an atheist. You went without food. You were illiterate. You killed 90 creatures. You never hit with a wielded weapon. You put on armor 26 times. You never genocided any monsters. You never polymorphed an object. You never changed form. You used no wishes. You abstained from Elbereth's help. You never encountered a bones level. You never used any Sokoban shortcuts. Dungeon overview: The Dungeons of Doom: levels 1 to 4 Level 1 (Succ) a sink a long staircase Level 3 an armor shop, an altar Level 4 stairs to The Gnomish Mines The Gnomish Mines: levels 5 to 8 Level 5 stairs to The Dungeons of Doom Level 7 (Succ) some shops, a temple, a magic chest, some fountains Level 8 <- You were here History has recorded: On T:1 you entered the Dungeons of Doom to retrieve the Amulet of Yendor! On T:362 you reached level 2 of The Dungeons of Doom. On T:1116 you reached level 3 of The Dungeons of Doom. On T:1398 you advanced to experience level 2. On T:1721 you reached level 4 of The Dungeons of Doom. On T:2163 you advanced to experience level 3. On T:2167 you advanced to experience level 4. On T:2168 you advanced to experience level 5. On T:2171 you advanced to experience level 6. On T:2181 you advanced to experience level 7. On T:2194 you advanced to experience level 8. On T:2755 you reached level 1 of The Gnomish Mines. On T:3096 you reached level 2 of The Gnomish Mines. On T:3530 you reached level 3 of The Gnomish Mines. On T:3611 you advanced to experience level 9. On T:4154 you reached level 4 of The Gnomish Mines. Latest messages: The leocrotta bites! The leocrotta hits! [HP-12=55] You hit the leocrotta. You bite the leocrotta. The leocrotta hits! The leocrotta bites! The leocrotta hits! (2x) The leocrotta bites! The leocrotta hits! [HP-41=14] You kick the leocrotta. The leocrotta hits! The leocrotta misses. The leocrotta hits! [HP-7=7] You kick the leocrotta. The leocrotta hits! The leocrotta bites! You die... Final status: Goodbye Arrhythmia the Wizard... You died in The Gnomish Mines on dungeon level 8 with 6380 points, and 88 pieces of gold, after 4417 moves. You were level 9 with a maximum of 67 hit points when you died.